Map: Kairos Junction LE

Players

Mixu - Winner!

  • Race: Zerg Zerg
  • Spawn Location: 11:00

HolyHit

  • Race: Protoss Protoss
  • Spawn Location: 5:00

Event: 2019 WCS Summer

VOD

Have the link to the VOD?

Description

Time

  • Played on: July 12, 2019, 9:03 a.m.
  • Length: 10:31

All games in this series

Show
View Real Time Build Order
Export as new Build Order

Mixu Zerg - Winner!

Build Orders: Hatch First, Roach Hydra 

Get SALT Encoding   

  12  0:00  Drone  
  13  0:12  Overlord  
  13  0:16  Drone  
  14  0:30  Drone x2  
  16  0:48  Hatchery  
  15  0:52  Drone  
  15  0:55  Drone  
  17  0:59  Drone  
  18  1:10  Extractor  
  17  1:14  Spawning Pool  
  17  1:18  Drone  
  17  1:20  Drone  
  18  1:29  Drone  
  19  1:39  Drone  
  20  1:57  Overlord  
  20  2:01  Queen x2  
  20  2:02  Zergling x2  
  20  2:03  Drone  
  26  2:10  Metabolic Boost  
  26  2:11  Drone  
  26  2:14  Drone  
  28  2:21  Drone  
  28  2:22  Drone  
  30  2:35  Hatchery  
  30  2:37  Drone  
  30  2:40  Drone  
  31  2:44  Drone x2  
  33  2:54  Overlord  
  33  3:00  Drone  
  33  3:06  Drone  
  33  3:08  Drone  
  33  3:12  Drone  
  36  3:14  Drone x2  
  36  3:15  Queen  
  36  3:19  Drone  
  41  3:20  Overlord  
  41  3:21  Drone x2  
  41  3:25  Drone  
  44  3:35  Roach Warren  
  44  3:37  Overlord  
  45  3:41  Extractor  
  45  3:43  Drone x2, Extractor  
  43  3:53  Drone, Spore Crawler  
  43  3:54  Spore Crawler  
  43  3:55  Drone x5  
  47  3:56  Queen  
  47  3:58  Zergling x2  
  50  4:04  Drone x2  
  49  4:18  Drone  
  49  4:19  Drone x2  
  49  4:20  Drone x5  
  57  4:29  Drone x4  
  61  4:33  Lair  
  61  4:41  Overlord x3  
  61  4:51  Overlord  
  61  5:00  Drone x2  
  61  5:01  Drone x4  
  61  5:06  Roach  
  61  5:07  Roach x2  
  73  5:14  Roach x2  
  77  5:16  Roach  
  77  5:18  Extractor, Roach  
  77  5:19  Zergling x4  
  82  5:22  Roach x2  
  82  5:23  Roach  
  88  5:28  Roach  
  88  5:29  Overlord x2  
  90  5:35  Overlord  
  90  5:37  Glial Reconstitution  
  90  5:41  Evolution Chamber, Overlord  
  86  5:50  Drone x7  
  86  5:51  Drone x4  
  97  6:01  Queen x2, Extractor  
  97  6:03  Hydralisk Den  
  99  6:07  Extractor  
  99  6:09  Roach x3  
  104  6:17  Spore Crawler  
  104  6:18  Drone x2  
  99  6:24  Roach x3  
  105  6:25  Zerg Missile Weapons Level 1  
  105  6:27  Drone  
  105  6:28  Drone x3  
  109  6:40  Hatchery  
  109  6:43  Muscular Augments  
  108  6:47  Hydralisk x5  
  108  6:49  Overlord  
  108  6:51  Hydralisk  
  120  7:01  Drone x2  
  119  7:02  Drone x4  
  119  7:04  Overlord  
  122  7:11  Hydralisk x2  
  126  7:20  Drone x2, Lurker Den  
  126  7:22  Drone x2  
  129  7:23  Hydralisk x3, Overlord  
  129  7:25  Overseer  
  129  7:27  Hydralisk  
  137  7:31  Overlord  
  137  7:41  Hydralisk x4  
  143  7:48  Hydralisk x4  
  141  7:53  Drone x5  
  141  7:58  Drone x2  
  148  8:00  Extractor  
  148  8:02  Hydralisk  
  149  8:10  Hydralisk x5  
  149  8:12  Overlord  
  159  8:15  Grooved Spines  
  159  8:20  Extractor  
  159  8:23  Hydralisk  
  159  8:24  Overlord  
  159  8:25  Overlord  
  160  8:32  Hydralisk x2  
  164  8:34  Overlord  
  164  8:35  Overlord  
  164  8:39  Overlord  
  164  8:43  Pneumatized Carapace  
  164  8:46  Hydralisk x3  
  170  8:55  Overlord  
  170  8:56  Spine Crawler  
  170  8:57  Spine Crawler  
  170  8:58  Hydralisk x4  
  170  8:59  Spore Crawler  
  170  9:00  Overseer  
  170  9:02  Roach  
  177  9:06  Roach x3  
  177  9:09  Roach x2  
  184  9:17  Hydralisk x3  
  184  9:21  Roach  
  184  9:22  Roach  
  182  9:27  Hatchery  
  182  9:28  Roach x3  
  185  9:35  Hydralisk x3  
  177  9:42  Hydralisk x2  
  177  9:45  Overlord  
  181  10:01  Zergling x14  
  181  10:02  Infestation Pit  
  181  10:06  Hydralisk x2  
  185  10:08  Hatchery  
Show
View Real Time Build Order
Export as new Build Order

HolyHit Protoss 

Build Orders: 1 Gate Expand, Oracle Opening, Archon Immortal, Archon Drop 

Get SALT Encoding   

  12  0:00  Probe  
  13  0:12  Probe  
  14  0:18  Pylon  
  14  0:24  Probe  
  15  0:32  Probe  
  15  0:38  Gateway  
  15  0:40  Probe  
  16  0:47  Assimilator  
  17  0:51  Probe  
  18  1:03  Probe  
  19  1:18  Probe  
  20  1:24  Nexus  
  20  1:34  Cybernetics Core  
  20  1:36  Probe  
  21  1:41  Assimilator  
  21  1:48  Probe  
  21  1:51  Pylon  
  22  1:59  Probe  
  22  2:00  Adept  
  23  2:07  Probe  
  23  2:15  Probe  
  26  2:21  Stargate  
  27  2:27  Probe  
  28  2:30  Stalker  
  28  2:35  Probe  
  28  2:36  Probe  
  31  2:39  Warp Gate  
  32  2:44  Probe  
  32  2:48  Probe  
  34  2:54  Probe  
  35  3:00  Probe  
  36  3:06  Oracle  
  36  3:07  Probe  
  40  3:13  Probe  
  40  3:19  Probe, Gateway  
  42  3:20  Pylon  
  42  3:25  Probe  
  43  3:31  Robotics Facility  
  43  3:32  Probe  
  44  3:37  Assimilator, Probe  
  44  3:40  Assimilator  
  45  3:45  Probe, Twilight Council  
  46  3:49  Probe  
  46  3:54  Probe  
  46  3:55  Pylon  
  47  3:57  Probe  
  49  4:02  Probe  
  49  4:05  Gateway  
  49  4:07  Gateway  
  50  4:11  Probe  
  50  4:17  Warp Prism  
  51  4:18  Charge  
  53  4:30  Adept  
  55  4:35  Adept  
  55  4:37  Probe, Templar Archives  
  58  4:40  Probe  
  59  4:47  Observer  
  59  4:49  Probe, Gateway  
  59  4:51  Gateway  
  59  4:52  Pylon  
  61  5:08  Nexus  
  61  5:19  Probe, Shield Battery  
  62  5:23  Pylon x2  
  62  5:27  High Templar x4  
  70  5:31  Archon x2  
  70  5:35  Pylon  
  70  5:38  Pylon  
  70  5:41  Probe  
  68  5:55  Zealot  
  68  5:56  Zealot, Pylon  
  70  5:59  Zealot x4  
  78  6:09  Forge  
  76  6:17  Immortal  
  76  6:18  Probe  
  67  6:22  Probe  
  68  6:27  Psionic Storm  
  68  6:30  Probe x3  
  75  6:40  Zealot x2  
  75  6:42  Probe x2  
  75  6:44  Protoss Ground Weapons Level 1  
  75  6:45  Probe, Sentry  
  75  6:46  Sentry  
  86  6:49  Immortal  
  86  6:54  Probe  
  91  7:02  Probe  
  91  7:05  Probe  
  91  7:06  High Templar x2  
  91  7:07  Probe  
  98  7:11  Shield Battery  
  98  7:15  Probe  
  89  7:17  Probe, High Templar  
  89  7:20  Assimilator  
  89  7:21  Zealot x2, Warp Prism  
  89  7:22  Assimilator  
  96  7:25  Pylon  
  96  7:30  Shield Battery  
  96  7:35  Zealot  
  100  7:41  Zealot x2  
  102  7:48  Probe x3  
  101  7:54  Immortal, High Templar  
  101  7:55  High Templar  
  101  7:56  Probe  
  109  8:00  Probe x2  
  109  8:09  Zealot x2  
  109  8:10  Zealot x2  
  117  8:20  Probe  
  118  8:31  High Templar x2  
  118  8:32  Zealot x3, Pylon  
  118  8:33  Warp Prism  
  132  8:36  Archon  
  132  8:40  Phoenix  
  130  8:47  Gateway  
  122  8:51  Zealot  
  122  8:53  Zealot x3  
  128  9:09  Observer  
  129  9:14  Zealot x6  
  125  9:25  Immortal  
  117  9:33  Gateway  
  117  9:36  Gateway  
  105  9:40  Zealot x4  
  101  9:54  Photon Cannon  
  101  9:56  Photon Cannon  
  101  9:58  Pylon  
  101  10:00  High Templar x4  
  101  10:04  Archon  
  112  10:12  Zealot  
Tags
 
Add a new tag
Caveats
  • Supply blocks, unpowered buildings, or Contaminate may cause inaccurate times.
  • Supply counts are checked every 10 seconds.